[Event "Titled Tuesday Blitz January 10 Early 2023"]
[White "Bortnyk, Olexandr"]
[Black "Demchenko, Anton"]
[WhiteFideId "14120828"]
[BlackFideId "4160258"]
[WhiteElo "2605"]
[BlackElo "2623"]
[Result "1-0"]
[Round "09"]
[TimeControl "180+2"]
[Date "2023.01.10"]
[WhiteClock "0:00:11"]
[BlackClock "0:00:05"]

1. e4 e5 2. Bc4 Nf6 3. d3 Bc5 4. Nc3 c6 5. Nf3 d6 6. Be3 Bb6 7. Bb3 Nbd7 8. O-O O-O 9. d4 exd4 10. Nxd4 Nc5 11. Bg5 h6 12. Bh4 g5 13. Bg3 Ncxe4 14. Nxe4 Nxe4 15. Re1 Nxg3 16. hxg3 Qf6 17. c3 d5 18. Bc2 Kg7 19. Qd3 Rh8 20. Re3 Bd7 21. Rf3 Qg6 22. Qd2 Qd6 23. Re1 Rae8 24. Rfe3 Rxe3 25. Rxe3 Qf6 26. Rf3 Qe5 27. Qd3 Bxd4 28. cxd4 Qd6 29. Re3 Qf6 30. b4 a6 31. a4 Qg6 32. Qxg6+ fxg6 33. Re7+ Kf6 34. Rxd7 Re8 35. Rd6+ Ke7 36. Rxg6 1-0


[Site "https://www.chess.com"]

[Event "Titled Tuesday Blitz January 10 Early 2023"]
[White "Chigaev, Maksim"]
[Black "Mihajlov, Sebastian"]
[WhiteFideId "4108116"]
[BlackFideId "1512110"]
[WhiteElo "2628"]
[BlackElo "2373"]
[Result "1-0"]
[Round "09"]
[TimeControl "180+2"]
[Date "2023.01.10"]
[WhiteClock "0:00:10"]
[BlackClock "0:00:02"]

1. e4 e6 2. d4 d5 3. Nd2 a6 4. Ngf3 c5 5. exd5 exd5 6. Be2 Nf6 7. O-O Be7 8. dxc5 Bxc5 9. Nb3 Bb6 10. Nbd4 O-O 11. c3 h6 12. Be3 Re8 13. Re1 Bc7 14. Bd3 Ne4 15. Ne2 Nc6 16. Ng3 Bg4 17. Bf1 Ne5 18. Be2 Nc4 19. Bxc4 dxc4 20. Qxd8 Raxd8 21. Nxe4 Rxe4 22. Bd4 Ree8 23. h3 Be6 24. Be5 Bb6 25. Bd4 Bc7 26. Rad1 f6 27. a3 Kf7 28. Bc5 b6 29. Be3 Bd5 30. Nd4 h5 31. h4 b5 32. g3 Bb7 33. Bf4 Bxf4 34. gxf4 Be4 35. Kh2 Rd5 36. Re3 Bd3 37. Rde1 Rxe3 38. Rxe3 g5 39. Kg3 Kg6 40. fxg5 fxg5 41. Re6+ Kf7 42. Rxa6 gxh4+ 43. Kxh4 Re5 44. Rb6 Re1 45. Kxh5 Rh1+ 46. Kg4 Rb1 47. Rxb5 Kf6 48. Kf4 Ke7 49. f3 Kd6 50. a4 Bf1 51. a5 Ra1 52. Rb6+ Kc5 53. Rc6+ Kd5 54. a6 Ra2 55. Rb6 Kc5 56. Rb5+ Kd6 57. Rh5 Kc7 58. a7 Kb7 59. Rh7+ Ka8 60. Nb5 Ra5 61. Rh8+ 1-0


[Site "https://www.chess.com"]

[Event "Titled Tuesday Blitz January 10 Early 2023"]
[White "Vidit, Santosh Gujrathi"]
[Black "Rakhmatullaev, Almas"]
[WhiteFideId "5029465"]
[BlackFideId "14205793"]
[WhiteElo "2731"]
[BlackElo "2275"]
[Result "1/2-1/2"]
[Round "09"]
[TimeControl "180+2"]
[Date "2023.01.10"]
[WhiteClock "0:00:19"]
[BlackClock "0:00:07"]

1. c4 Nf6 2. Nc3 e6 3. e4 d6 4. d4 g6 5. Nf3 Bg7 6. Be2 O-O 7. O-O a6 8. Be3 Nc6 9. Rc1 Re8 10. d5 exd5 11. cxd5 Nb8 12. Qc2 Re7 13. Rfd1 Qe8 14. Nd2 b5 15. Bf3 Nbd7 16. h3 Bb7 17. g3 Rc8 18. Bf4 h6 19. h4 Ne5 20. Bxe5 Rxe5 21. Nb3 b4 22. Ne2 Nxe4 23. Nf4 Nf6 24. Na5 Ba8 25. Nc6 Bxc6 26. Qxc6 g5 27. hxg5 hxg5 28. Nd3 Rf5 29. Bg2 Qe2 30. Qxa6 Rf8 31. Re1 Qh5 32. Rxc7 Ng4 33. Rc8 Qh2+ 34. Kf1 Qxg3 35. Rxf8+ Bxf8 36. Re2 Nh2+ 37. Kg1 Nf3+ 38. Kf1 Nh2+ 39. Kg1 Nf3+ 40. Kf1 Nh2+ 1/2-1/2


[Site "https://www.chess.com"]

[Event "Titled Tuesday Blitz January 10 Early 2023"]
[White "Galchenko, Matvey"]
[Black "Paravyan, David"]
[WhiteFideId "24175480"]
[BlackFideId "4194985"]
[WhiteElo "2438"]
[BlackElo "2601"]
[Result "1-0"]
[Round "09"]
[TimeControl "180+2"]
[Date "2023.01.10"]
[WhiteClock "0:00:06"]
[BlackClock "0:00:04"]

1. e4 e5 2. Nf3 Nf6 3. d4 Nxe4 4. Bd3 d5 5. Nxe5 Nd7 6. Nxd7 Bxd7 7. Nc3 Nxc3 8. bxc3 Bd6 9. Qh5 g6 10. Qxd5 Bc6 11. Bb5 O-O 12. Bxc6 bxc6 13. Qxc6 Qh4 14. Be3 Rae8 15. Kd2 f5 16. g3 Qh5 17. Rae1 Re4 18. Qc4+ Kg7 19. Qe2 f4 20. Qxh5 fxe3+ 21. Rxe3 Rxe3 22. Qb5 Ref3 23. Re1 Rxf2+ 24. Re2 R2f5 25. Qd7+ R8f7 26. Qc6 a5 27. a4 h5 28. Kd3 Rf3+ 29. Kc4 Ba3 30. Re6 Bb2 31. Rxg6+ Kf8 32. Qa8+ Ke7 33. Qe4+ Kf8 34. Re6 Rxc3+ 35. Kb5 Rcf3 36. Re8+ Kg7 37. Qe5+ R7f6 38. Re6 Bxd4 39. Qxd4 Rf5+ 40. Ka6 c5 41. Qd7+ Kg6 42. Rxf6+ Rxf6+ 43. Kxa5 Rf7 1-0


[Site "https://www.chess.com"]

[Event "Titled Tuesday Blitz January 10 Early 2023"]
[White "Keymer, Vincent"]
[Black "Urazayev, Arystanbek"]
[WhiteFideId "12940690"]
[BlackFideId "13709810"]
[WhiteElo "2700"]
[BlackElo "2460"]
[Result "1-0"]
[Round "09"]
[TimeControl "180+2"]
[Date "2023.01.10"]
[WhiteClock "0:00:06"]
[BlackClock "0:00:06"]

1. a3 d5 2. Nf3 Nf6 3. e3 e6 4. c4 Be7 5. Nc3 O-O 6. b4 b6 7. Bb2 Bb7 8. cxd5 e5 9. e4 c6 10. dxc6 Nxc6 11. Be2 a5 12. b5 Nd4 13. d3 Nxf3+ 14. Bxf3 Bc5 15. Ne2 Qe7 16. O-O Rfd8 17. Qb3 Bc8 18. Rfd1 Bg4 19. d4 Bxf3 20. gxf3 Bd6 21. Qe3 Nh5 22. dxe5 Bxe5 23. Bxe5 Qxe5 24. Qxb6 Rdb8 25. Qc6 Qb2 26. Ng3 Nf4 27. Rab1 Qxa3 28. e5 h6 29. b6 Rf8 30. Qe4 Ne6 31. f4 Rab8 32. b7 Rfe8 33. h4 Nc5 34. Qc6 Ne6 35. f5 Nf4 36. Qe4 g5 37. hxg5 hxg5 38. Rdc1 Qa2 39. f6 Nh3+ 40. Kg2 Nxf2 41. Qc2 Qxc2 42. Rxc2 Ng4 43. Re2 Rxe5 44. Rxe5 Nxe5 45. Nf5 Kf8 46. Nd4 a4 47. Rb5 a3 48. Rxe5 Rxb7 49. Ra5 Kg8 50. Rxa3 Kh7 51. Nf3 Kg6 52. Ra6 Kf5 53. Kg3 Rb3 54. Kg2 Kf4 55. Nd4 Rb2+ 56. Kf1 g4 57. Ne2+ Ke5 58. Ng3 Kf4 59. Nh5+ Kg5 60. Ng3 Rb3 61. Kf2 Rf3+ 62. Kg2 Rb3 63. Ne4+ Kf4 64. Nf2 Rb2 65. Kg1 Kf3 66. Ra3+ Ke2 67. Nxg4 Rb6 68. Kg2 Rb5 69. Kg3 Rf5 70. Re3+ Kd2 71. Re7 Rf1 72. Rxf7 Kd3 73. Re7 Kd4 74. Kh4 Kd5 75. Kg5 Kd6 76. Re3 Kd7 77. Kg6 Rg1 78. Re4 Kd6 79. f7 Kd5 80. Ra4 1-0


[Site "https://www.chess.com"]

[Event "Titled Tuesday Blitz January 10 Early 2023"]
[White "Tomashevsky, Evgeny"]
[Black "Neiksans, Arturs"]
[WhiteFideId "4147235"]
[BlackFideId "11601388"]
[WhiteElo "2694"]
[BlackElo "2615"]
[Result "1-0"]
[Round "09"]
[TimeControl "180+2"]
[Date "2023.01.10"]
[WhiteClock "0:01:00"]
[BlackClock "0:00:23"]

1. Nf3 f5 2. g3 Nf6 3. Bg2 d6 4. d4 g6 5. O-O Bg7 6. c4 O-O 7. Nc3 c6 8. b4 Qe8 9. b5 h6 10. a4 a5 11. Ba3 Be6 12. c5 dxc5 13. Bxc5 Nbd7 14. Ba3 Nd5 15. Nxd5 Bxd5 16. bxc6 bxc6 17. Rb1 Rb8 18. Qd2 Nb6 19. Qxa5 Nc4 20. Qc5 Ra8 21. Rb7 Nxa3 22. Qxa3 c5 23. Rc7 cxd4 24. Rxe7 Qxa4 25. Qd6 Qc6 26. Qxc6 Bxc6 27. Re6 Bb5 28. Rb1 Bxe2 29. Rxe2 1-0


[Site "https://www.chess.com"]

[Event "Titled Tuesday Blitz January 10 Early 2023"]
[White "Dominguez Perez, Leinier"]
[Black "Putnam, Liam"]
[WhiteFideId "3503240"]
[BlackFideId "30938279"]
[WhiteElo "2739"]
[BlackElo "2285"]
[Result "1-0"]
[Round "09"]
[TimeControl "180+2"]
[Date "2023.01.10"]
[WhiteClock "0:00:06"]
[BlackClock "0:00:07"]

1. e4 c5 2. Nf3 d6 3. d4 cxd4 4. Nxd4 Nf6 5. Nc3 Nc6 6. Bg5 e6 7. Qd2 a6 8. O-O-O Bd7 9. f3 Nxd4 10. Qxd4 Be7 11. Be3 Qc7 12. g4 b5 13. g5 Nh5 14. Kb1 O-O 15. Qd2 b4 16. Ne2 a5 17. Ng3 g6 18. Nxh5 gxh5 19. Bd3 a4 20. Qe2 a3 21. b3 Qc3 22. Bc1 e5 23. Rhg1 Rfc8 24. Rg2 Rc7 25. h4 Rac8 26. Ba6 Ra8 27. Rd3 Qc5 28. Bc4 Rac8 29. g6 Be6 30. gxf7+ Kxf7 31. f4 Bxc4 32. Qxh5+ Kf8 33. fxe5 Bf7 34. Rf3 Bd8 35. Qxh7 Ke8 36. Rxf7 Rxf7 37. Rg8+ Kd7 38. Qxf7+ Kc6 39. Qd5+ Qxd5 40. exd5+ Kxd5 41. Bg5 Rc3 42. Rxd8 Rf3 43. exd6 Ke5 44. Bc1 Rf1 45. d7 Rh1 46. Re8+ Kd6 47. d8=Q+ Kc5 48. Re5+ Kc6 49. Qd5+ Kb6 50. Re6+ Kc7 51. Qc6+ Kd8 52. Re8# 1-0


[Site "https://www.chess.com"]

[Event "Titled Tuesday Blitz January 10 Early 2023"]
[White "Xu, Yi"]
[Black "Bryakin, Mikhail"]
[WhiteFideId "8605564"]
[BlackFideId "4165314"]
[WhiteElo "2527"]
[BlackElo "2455"]
[Result "1-0"]
[Round "09"]
[TimeControl "180+2"]
[Date "2023.01.10"]
[WhiteClock "0:00:24"]
[BlackClock "0:00:04"]

1. e4 d5 2. exd5 Qxd5 3. Nc3 Qe5+ 4. Be2 Bg4 5. d4 Bxe2 6. Ngxe2 Qa5 7. b4 Qh5 8. d5 Nf6 9. Bf4 e6 10. dxe6 Bxb4 11. O-O Nc6 12. exf7+ Qxf7 13. a3 Bxc3 14. Nxc3 O-O 15. Bg3 a6 16. Rb1 b5 17. Qf3 Qc4 18. Qd3 Qxd3 19. cxd3 Rad8 20. Rfd1 Rd7 21. Ne4 Nxe4 22. dxe4 Rfd8 23. Rdc1 Nd4 24. Kf1 Re8 25. f3 c6 26. Bf2 Red8 27. Rc3 Kf7 28. Rbc1 h6 29. Bxd4 Rxd4 30. Rxc6 Ra4 31. Rc7+ Kg6 32. R1c6+ Kh7 33. Ra7 Rxa3 34. Raxa6 Rb3 35. Rc2 Rb8 36. Ra7 b4 37. Rcc7 Rb1+ 38. Kf2 Rb2+ 39. Kg3 Rg8 40. Rab7 Kh8 41. Rc4 Ra8 42. Rcxb4 Rxb4 43. Rxb4 Kg8 44. h4 Kf7 45. Kf4 Ra5 46. g4 g5+ 47. Kg3 Kf6 48. Rb6+ Kg7 49. Rd6 Rb5 50. Rd5 Rb3 51. hxg5 hxg5 52. Rxg5+ Kf6 53. Rf5+ Ke6 54. Kf4 Rb1 55. g5 Rg1 56. Rf6+ Ke7 57. Kf5 Rg3 58. f4 Rg1 59. e5 Rf1 60. g6 1-0


[Site "https://www.chess.com"]

[Event "Titled Tuesday Blitz January 10 Early 2023"]
[White "Preotu, Razvan"]
[Black "Kamsky, Gata"]
[WhiteFideId "2613280"]
[BlackFideId "2000024"]
[WhiteElo "2475"]
[BlackElo "2665"]
[Result "1-0"]
[Round "09"]
[TimeControl "180+2"]
[Date "2023.01.10"]
[WhiteClock "0:00:05"]
[BlackClock "0:00:03"]

1. e4 e5 2. Nf3 Nc6 3. Bc4 Bc5 4. c3 Nf6 5. d3 d6 6. O-O a5 7. Re1 O-O 8. h3 h6 9. Bb5 Bd7 10. Nbd2 Re8 11. Nf1 Bb6 12. Ng3 Ne7 13. Bxd7 Qxd7 14. d4 Ng6 15. a4 Rad8 16. Be3 exd4 17. Bxd4 Bxd4 18. cxd4 Qc6 19. Qb3 b6 20. Rac1 Qb7 21. Qc2 c5 22. d5 b5 23. Nd2 bxa4 24. Nc4 Ne5 25. Nxe5 Rxe5 26. f3 Qb4 27. Ra1 Rb8 28. Re2 Qd4+ 29. Kh2 Rb4 30. Nf5 Rxf5 31. exf5 h5 32. Qd2 Nxd5 33. Re8+ Kh7 34. Qxd4 Rxd4 35. Rf8 Rd2 36. Rxf7 Kg8 37. Rd7 Ne3 38. Re1 Nxf5 39. Re8+ Kh7 40. Ra8 Ne3 41. Kg3 Rxg2+ 42. Kf4 Nd5+ 43. Kf5 Ne3+ 44. Ke6 Nc4 45. Rb7 1-0


[Site "https://www.chess.com"]

[Event "Titled Tuesday Blitz January 10 Early 2023"]
[White "Jones, Gawain C B"]
[Black "Zemlyanskii, Ivan"]
[WhiteFideId "409561"]
[BlackFideId "24249971"]
[WhiteElo "2618"]
[BlackElo "2300"]
[Result "1/2-1/2"]
[Round "09"]
[TimeControl "180+2"]
[Date "2023.01.10"]
[WhiteClock "0:00:04"]
[BlackClock "0:00:07"]

1. c4 e6 2. g3 d5 3. Bg2 Nf6 4. Nf3 d4 5. b4 Bxb4 6. Qa4+ Nc6 7. Ne5 Rb8 8. Nxc6 bxc6 9. Ba3 a5 10. Bxb4 axb4 11. Qxc6+ Qd7 12. d3 Bb7 13. Qxd7+ Nxd7 14. Bxb7 Rxb7 15. Nd2 Ke7 16. Nb3 c5 17. Kd2 Ra8 18. Kc2 Rc7 19. e3 dxe3 20. fxe3 Nb6 21. Rhc1 e5 22. Kd2 Ra3 23. Rc2 Na4 24. Rb1 Nc3 25. Rbb2 Na4 26. Rb1 Nc3 27. Rbb2 e4 28. d4 cxd4 29. Nxd4 Rxc4 30. Rxb4 Rxb4 31. Nc6+ Kd6 32. Nxb4 Nd5 33. Nxd5 Kxd5 34. g4 Ke5 35. Ke2 g6 36. Kf2 f5 37. gxf5 gxf5 38. Rc5+ Kf6 39. Rc2 Kg5 40. Re2 Kg4 41. Kg2 f4 42. exf4 Kxf4 43. Rf2+ Ke3 44. Kf1 Kd3 45. h4 Rc3 46. Rf7 Rc1+ 47. Kg2 e3 48. Rd7+ Ke4 49. Re7+ Kf4 50. Rf7+ Kg4 51. Rg7+ Kf5 52. Re7 Kf4 53. Rf7+ Ke4 54. Re7+ Kd3 55. Rd7+ Ke2 56. Rxh7 Rc4 57. Kg3 Rc1 58. Re7 Rg1+ 59. Kf4 Rf1+ 60. Kg3 Rg1+ 61. Kf4 Rf1+ 62. Kg5 Kf2 63. Rf7+ Kg2 64. Re7 Kf3 65. Rf7+ Kg2 66. Re7 Kf3 67. h5 e2 68. h6 Rg1+ 69. Kf6 e1=Q 70. Rxe1 Rxe1 71. h7 Rh1 72. Kg7 Ke4 73. a4 Kd5 74. a5 Kc6 75. h8=Q Rxh8 76. Kxh8 Kb5 77. a6 Kxa6 1/2-1/2


[Site "https://www.chess.com"]

[Event "Titled Tuesday Blitz January 10 Early 2023"]
[White "Moroni, Luca Jr"]
[Black "Avila Pavas, Santiago"]
[WhiteFideId "865834"]
[BlackFideId "4437128"]
[WhiteElo "2535"]
[BlackElo "2522"]
[Result "1-0"]
[Round "09"]
[TimeControl "180+2"]
[Date "2023.01.10"]
[WhiteClock "0:00:02"]
[BlackClock "0:00:01"]

1. d4 Nf6 2. Nf3 e6 3. Bf4 d5 4. e3 Bd6 5. Nbd2 c5 6. dxc5 Bxc5 7. Bd3 O-O 8. O-O Nc6 9. c3 Re8 10. e4 h6 11. h3 e5 12. Bh2 Bf8 13. Re1 d4 14. cxd4 exd4 15. Rc1 Be6 16. a3 Nd7 17. Bb1 g6 18. Rxc6 bxc6 19. Nxd4 Bg7 20. Nxe6 Rxe6 21. Qc2 Be5 22. f4 Bd4+ 23. Kh1 Rb8 24. b4 Re8 25. e5 c5 26. Nf3 Qb6 27. Qd2 Rbd8 28. Nxd4 cxd4 29. f5 Nf8 30. e6 fxe6 31. fxg6 Qb7 32. Qxh6 Qg7 33. Qh5 d3 34. Be5 Qxg6 35. Qh8+ Kf7 36. Qh4 Kg8 37. Rf1 Nh7 38. Kh2 Rf8 39. Rd1 Qg5 40. Qe1 Rf5 41. Bg3 1-0


[Site "https://www.chess.com"]

[Event "Titled Tuesday Blitz January 10 Early 2023"]
[White "Svane, Frederik"]
[Black "Karthik Rajaa"]
[WhiteFideId "12923044"]
[BlackFideId "25035215"]
[WhiteElo "2600"]
[BlackElo "2276"]
[Result "1-0"]
[Round "09"]
[TimeControl "180+2"]
[Date "2023.01.10"]
[WhiteClock "0:00:41"]
[BlackClock "0:00:54"]

1. c4 Nf6 2. Nc3 g6 3. g3 Bg7 4. Bg2 O-O 5. d3 c6 6. e4 e5 7. Nge2 Na6 8. O-O Nc7 9. d4 d6 10. h3 Ne6 11. Be3 Nd7 12. Qd2 exd4 13. Nxd4 Ne5 14. b3 Nxd4 15. Bxd4 c5 16. Bxe5 Bxe5 17. Rad1 Be6 18. f4 Bd4+ 19. Kh2 Qa5 20. Nb5 Qxd2 21. Rxd2 Bg7 22. Rxd6 Rae8 23. e5 Re7 24. Rfd1 a6 25. Nc3 f6 26. Rxe6 Rxe6 27. Bd5 Re8 28. Ne4 Kf8 29. Bxe6 Rxe6 30. Nxc5 Re7 31. Rd8+ Re8 32. Ne6+ 1-0


[Site "https://www.chess.com"]

[Event "Titled Tuesday Blitz January 10 Early 2023"]
[White "Alexakis, Dimitris"]
[Black "Fernandez Guillen, Ernesto J."]
[WhiteFideId "4277023"]
[BlackFideId "3512428"]
[WhiteElo "2436"]
[BlackElo "2477"]
[Result "0-1"]
[Round "09"]
[TimeControl "180+2"]
[Date "2023.01.10"]
[WhiteClock "0:00:25"]
[BlackClock "0:00:41"]

1. Nf3 Nf6 2. g3 g6 3. Bg2 Bg7 4. O-O O-O 5. c4 d5 6. cxd5 Nxd5 7. Nc3 Nb6 8. d4 c6 9. h3 N8d7 10. e4 e5 11. Bg5 Qe8 12. d5 cxd5 13. exd5 h6 14. Be3 Nc4 15. Qb3 Nxe3 16. fxe3 e4 17. Nd2 f5 18. d6+ Kh7 19. Nd5 Qe5 20. Nc7 Nc5 21. Qa3 b6 22. Nxa8 Qxg3 23. Nc4 Be6 24. Rac1 Nd3 25. Nc7 Bxc4 26. Rxc4 Be5 27. Qxd3 Qh2+ 28. Kf2 Bg3+ 0-1


[Site "https://www.chess.com"]

[Event "Titled Tuesday Blitz January 10 Early 2023"]
[White "Seo, Jung Min"]
[Black "Bacrot, Etienne"]
[WhiteFideId "1734687"]
[BlackFideId "605506"]
[WhiteElo "2494"]
[BlackElo "2667"]
[Result "0-1"]
[Round "09"]
[TimeControl "180+2"]
[Date "2023.01.10"]
[WhiteClock "0:01:19"]
[BlackClock "0:00:17"]

1. Nf3 d5 2. d4 Nf6 3. c4 e6 4. Nc3 c6 5. Bg5 h6 6. Bxf6 Qxf6 7. e3 Nd7 8. Bd3 g6 9. O-O Bg7 10. Re1 O-O 11. Rc1 Qe7 12. Qc2 dxc4 13. Bxc4 b5 14. Bd3 Bb7 15. Ne4 Rad8 16. Nc5 Ba8 17. Nxd7 Qxd7 18. Be4 Rc8 19. Qc5 Qc7 20. h3 Rfd8 21. Rc2 Bf8 22. Qc3 Qb8 23. b4 c5 24. Bxa8 cxb4 25. Qd3 Rxc2 26. Qxc2 Qxa8 27. Ne5 Rc8 28. Qd3 Qb7 29. f4 Bg7 30. Nf3 a5 31. Rb1 Rc3 32. Qe2 Qc6 33. Rb2 Rc1+ 34. Kh2 Qc4 35. Qf2 a4 36. Ne5 Bxe5 37. fxe5 a3 38. Rd2 Qf1 39. Qh4 Qg1+ 0-1


[Site "https://www.chess.com"]

[Event "Titled Tuesday Blitz January 10 Early 2023"]
[White "Koellner, Ruben Gideon"]
[Black "Kosakowski, Jakub"]
[WhiteFideId "12993093"]
[BlackFideId "1185080"]
[WhiteElo "2426"]
[BlackElo "2485"]
[Result "0-1"]
[Round "09"]
[TimeControl "180+2"]
[Date "2023.01.10"]
[WhiteClock "0:00:02"]
[BlackClock "0:00:28"]

1. d4 Nf6 2. Nf3 e6 3. Nbd2 c5 4. e3 Nc6 5. Bd3 b6 6. O-O Bb7 7. c3 Be7 8. e4 cxd4 9. cxd4 d6 10. a3 O-O 11. b4 Rc8 12. Bb2 h6 13. Rc1 Nd7 14. Qe2 Re8 15. h3 Bf8 16. Rfd1 e5 17. d5 Ne7 18. Ba6 Bxa6 19. Qxa6 Rc7 20. Rxc7 Qxc7 21. Rc1 Qb8 22. Nb1 f5 23. Nfd2 Nf6 24. f3 Nh5 25. Nc3 Nf4 26. Kh2 fxe4 27. fxe4 Neg6 28. g3 Nh5 29. Qe2 Nf6 30. Qa6 Nh5 31. Nf3 Be7 32. Nb5 Rf8 33. Nxa7 Qe8 34. Rc8 Qf7 35. Rxf8+ Bxf8 36. Kg2 Nxg3 37. Kxg3 Qf4+ 38. Kf2 Qxe4 39. Qe2 Qxd5 40. Nd2 Qf7+ 41. Qf3 Qxa7 42. Ke2 d5 43. Qxd5+ Kh8 44. Bxe5 Qxa3 45. Qf7 Qxb4 46. Qxg6 Qb5+ 47. Kd1 Qxe5 48. Qxb6 Qc3 49. Qd8 Qb4 50. Ke2 Qb5+ 51. Kf3 Qf5+ 52. Ke2 Kg8 53. h4 Qe6+ 54. Kd1 Kf7 55. Qd3 Be7 56. Qf3+ Kg8 57. h5 Qa2 58. Ke2 Bg5 59. Qd5+ Qxd5 0-1


[Site "https://www.chess.com"]

[Event "Titled Tuesday Blitz January 10 Early 2023"]
[White "Taboas Rodriguez, Daniel"]
[Black "Samadov, Read"]
[WhiteFideId "2208466"]
[BlackFideId "13417444"]
[WhiteElo "2371"]
[BlackElo "2469"]
[Result "1/2-1/2"]
[Round "09"]
[TimeControl "180+2"]
[Date "2023.01.10"]
[WhiteClock "0:01:51"]
[BlackClock "0:01:25"]

1. d4 Nf6 2. Nf3 d5 3. c4 e6 4. Bg5 Bb4+ 5. Nc3 h6 6. Bxf6 Qxf6 7. e3 O-O 8. Rc1 Nc6 9. a3 Bxc3+ 10. Rxc3 dxc4 11. Bxc4 e5 12. O-O Bg4 13. Bd5 exd4 14. exd4 Rad8 15. Bxc6 bxc6 16. Qa4 Bxf3 17. Rxf3 Qxd4 18. Qxc6 Qxb2 19. Qxc7 Qb6 20. Qxb6 axb6 21. Rb3 Rd6 22. Rfb1 Rc8 23. g3 Ra8 24. Rxb6 Rxb6 25. Rxb6 Rxa3 26. h4 h5 27. Kg2 g6 28. Rb2 Kg7 29. Re2 Ra6 30. Re4 Ra3 31. Re2 Ra6 32. Re4 Ra3 33. Re2 1/2-1/2


[Site "https://www.chess.com"]

[Event "Titled Tuesday Blitz January 10 Early 2023"]
[White "Stribuk, Artiom"]
[Black "Najdin, Danil"]
[WhiteFideId "13515659"]
[BlackFideId "4172426"]
[WhiteElo "2378"]
[BlackElo "2235"]
[Result "0-1"]
[Round "09"]
[TimeControl "180+2"]
[Date "2023.01.10"]
[WhiteClock "0:00:01"]
[BlackClock "0:00:09"]

1. d4 Nf6 2. c4 e6 3. g3 c5 4. Nf3 cxd4 5. Nxd4 Nc6 6. Nc3 b6 7. Nxc6 dxc6 8. Qxd8+ Kxd8 9. Bf4 Bb4 10. O-O-O+ Ke7 11. Bg2 Bb7 12. a3 Bxc3 13. Bd6+ Ke8 14. bxc3 Rd8 15. h3 Rd7 16. c5 Kd8 17. e4 b5 18. a4 Re8 19. Kc2 e5 20. Rhe1 g5 21. h4 g4 22. Bf1 a6 23. Rd2 Kc8 24. f3 h5 25. f4 exf4 26. Bxf4 Rxd2+ 27. Kxd2 Rxe4 28. axb5 Rxe1 29. Kxe1 cxb5 30. Bd3 Be4 31. Be2 Nd5 32. Be5 Kd7 33. Kd2 Kc6 34. Bd4 a5 35. c4 bxc4 36. Bxc4 f5 37. Ba2 f4 38. gxf4 Nxf4 39. Ke3 Bd5 40. Bb1 Ne6 0-1


[Site "https://www.chess.com"]

[Event "Titled Tuesday Blitz January 10 Early 2023"]
[White "Gareyev, Timur"]
[Black "Jovic, Stanoje"]
[WhiteFideId "14200937"]
[BlackFideId "905020"]
[WhiteElo "2617"]
[BlackElo "2075"]
[Result "1-0"]
[Round "09"]
[TimeControl "180+2"]
[Date "2023.01.10"]
[WhiteClock "0:00:33"]
[BlackClock "0:00:06"]

1. e4 c6 2. b3 d5 3. Bb2 dxe4 4. Nc3 Nf6 5. Qe2 Bf5 6. f3 exf3 7. Nxf3 e6 8. O-O-O a5 9. a4 Na6 10. Ne5 Nb4 11. d3 Bd6 12. g4 Bxe5 13. gxf5 Bxc3 14. Bxc3 Na2+ 15. Kb2 Nxc3 16. Kxc3 O-O 17. fxe6 fxe6 18. Qxe6+ Kh8 19. Rg1 Nd5+ 20. Kb2 Rf2 21. Rg2 Qf8 22. Qe5 Nb4 23. Re1 h6 24. d4 Nxc2 25. Rxf2 Qxf2 26. Re2 Qxf1 27. Rxc2 Rd8 28. Qxa5 Rxd4 29. Qa8+ Kh7 30. Qxb7 Qf6 31. Qxc6 Qe5 32. Qc5 Qf6 33. Qc3 Qd6 34. Rg2 h5 35. a5 h4 36. a6 h3 37. Qxh3+ Kg8 38. Qc8+ Kh7 39. Qc2+ Kg8 40. a7 1-0


[Site "https://www.chess.com"]

[Event "Titled Tuesday Blitz January 10 Early 2023"]
[White "Pranav, V"]
[Black "Yuan, Qingyu"]
[WhiteFideId "25060783"]
[BlackFideId "8609772"]
[WhiteElo "2597"]
[BlackElo "2373"]
[Result "1-0"]
[Round "09"]
[TimeControl "180+2"]
[Date "2023.01.10"]
[WhiteClock "0:01:33"]
[BlackClock "0:00:03"]

1. e4 e5 2. Nf3 Nc6 3. Bb5 Nf6 4. O-O Nxe4 5. d4 Nd6 6. Ba4 e4 7. Re1 Be7 8. Ne5 O-O 9. Nc3 f5 10. Bb3+ Kh8 11. Bf4 Qe8 12. Nd5 Bd8 13. Re3 g5 14. Rh3 gxf4 15. Nxf4 Nxe5 16. dxe5 Bg5 17. g3 Bxf4 18. gxf4 Nf7 19. Qh5 Rg8+ 20. Kh1 Rg7 21. Rg1 d5 22. exd6 Be6 23. Rxg7 Kxg7 24. Qxh7+ Kf8 25. Rg3 cxd6 26. Rg8+ Ke7 27. Rxe8+ Rxe8 28. Bxe6 Kxe6 29. Qg6+ Ke7 30. Qxf5 Kf8 31. Qd5 Re7 32. f5 Kg7 33. Qd4+ Re5 34. Qxa7 Rxf5 35. Qxb7 d5 36. Qc7 Kf6 37. a4 Ne5 38. a5 Nf3 39. a6 Rg5 40. Qd8+ Kf5 41. Qxg5+ Kxg5 42. a7 e3 43. fxe3 1-0


[Site "https://www.chess.com"]

[Event "Titled Tuesday Blitz January 10 Early 2023"]
[White "Shipov, Sergei"]
[Black "Vokhidov, Shamsiddin"]
[WhiteFideId "4113624"]
[BlackFideId "14204223"]
[WhiteElo "2541"]
[BlackElo "2586"]
[Result "0-1"]
[Round "09"]
[TimeControl "180+2"]
[Date "2023.01.10"]
[WhiteClock "0:00:14"]
[BlackClock "0:00:48"]

1. d4 Nf6 2. c4 e6 3. Nc3 Bb4 4. Qc2 d5 5. a3 Bxc3+ 6. Qxc3 O-O 7. e3 b6 8. cxd5 Nxd5 9. Qc2 Bb7 10. Bd3 Nf6 11. Ne2 Nbd7 12. O-O c5 13. Nc3 cxd4 14. exd4 h6 15. Qe2 Rc8 16. Nb5 Ra8 17. Bf4 Nd5 18. Bd6 Re8 19. Bg3 Ba6 20. Rac1 N7f6 21. Rfd1 Qd7 22. h3 Rec8 23. Be5 Ne8 24. Qf1 Rxc1 25. Rxc1 Rc8 26. Rxc8 Bxc8 27. Qd1 Ba6 28. Qa4 Nec7 29. Bxc7 Nxc7 30. Bh7+ Kh8 31. Qc2 Nxb5 32. Be4 Nxd4 0-1


[Site "https://www.chess.com"]

[Event "Titled Tuesday Blitz January 10 Early 2023"]
[White "Oparin, Grigoriy"]
[Black "Cherniaiev, Tykhon"]
[WhiteFideId "24125890"]
[BlackFideId "14182360"]
[WhiteElo "2667"]
[BlackElo "2330"]
[Result "1-0"]
[Round "09"]
[TimeControl "180+2"]
[Date "2023.01.10"]
[WhiteClock "0:01:43"]
[BlackClock "0:00:10"]

1. g3 Nf6 2. Bg2 d5 3. c4 e6 4. Nf3 Be7 5. d4 dxc4 6. Qa4+ Bd7 7. Qxc4 a6 8. O-O O-O 9. Bg5 h6 10. Bxf6 Bxf6 11. Rd1 Nc6 12. e4 e5 13. dxe5 Nxe5 14. Nxe5 Bxe5 15. Nc3 Be6 16. Qc5 Qf6 17. f4 Bxc3 18. Qxc3 Qxc3 19. bxc3 f5 20. exf5 Rxf5 21. Bxb7 Rb8 22. Bxa6 Rc5 23. Rdc1 Rb2 24. a4 Rh5 25. h4 Bd5 26. Bf1 g5 27. Rd1 c6 28. c4 Be4 29. Rd4 Bf3 30. fxg5 hxg5 31. Rd3 Be4 32. Re3 Bf5 33. a5 gxh4 34. a6 Rb8 35. a7 Ra8 36. Rb3 Kg7 37. Rb8 Rh8 38. Rxa8 Rxa8 39. Bg2 Bd7 40. gxh4 Kf6 41. h5 Ke5 42. h6 Kd6 43. h7 Kc7 44. h8=Q Rxh8 45. a8=Q Rxa8 46. Rxa8 c5 47. Ra7+ Kd6 48. Bd5 Bf5 49. Kg2 Ke5 50. Kf3 Kd4 51. Kf4 Bd3 52. Rd7 Bxc4 53. Bxc4+ Kxc4 54. Ke4 Kc3 55. Rc7 c4 56. Kd5 Kd3 57. Rxc4 Kd2 58. Kd4 Ke2 59. Rc3 Kf2 60. Ke4 Kg2 61. Kf4 Kh2 62. Kg4 Kg2 63. Rc2+ Kg1 64. Kf3 Kh1 65. Kg3 Kg1 66. Rc1# 1-0


[Site "https://www.chess.com"]

[Event "Titled Tuesday Blitz January 10 Early 2023"]
[White "Molina, Roberto Junio Brito"]
[Black "Rakhmanov, Aleksandr"]
[WhiteFideId "2109450"]
[BlackFideId "4173708"]
[WhiteElo "2403"]
[BlackElo "2632"]
[Result "0-1"]
[Round "09"]
[TimeControl "180+2"]
[Date "2023.01.10"]
[WhiteClock "0:00:18"]
[BlackClock "0:00:12"]

1. d4 Nf6 2. c4 d6 3. Nf3 g6 4. Nc3 Bf5 5. g3 Bg7 6. Bg2 c6 7. O-O O-O 8. Re1 Ne4 9. Nxe4 Bxe4 10. Be3 d5 11. Rc1 e6 12. b3 a5 13. Qd2 a4 14. b4 dxc4 15. Rxc4 a3 16. Rec1 Nd7 17. Ne1 Bxg2 18. Nxg2 Nb6 19. R4c3 Nd5 20. Rd3 Ra4 21. Rb1 Qb6 22. Rdb3 Nxe3 23. fxe3 e5 24. dxe5 Bxe5 25. b5 c5 26. Rd3 c4 27. Rd5 Bb2 28. Qc2 Rb4 29. Rbd1 c3 30. Nf4 Qxe3+ 31. Kg2 Qe4+ 32. Qxe4 Rxe4 33. Rc5 Rfe8 34. Rd7 R4e5 35. Rcc7 Rxb5 36. Kf3 Rbe5 37. Rxf7 Re3+ 38. Kg4 c2 39. Rxh7 c1=Q 40. Rxc1 Bxc1 41. Nd5 Kxh7 0-1


[Site "https://www.chess.com"]